 Dungeon Crawl Stone Soup version 0.30-a0-137-gd8773701ce (webtiles) character file.

Game seed: 1464291450124018424

16 dwhiffing the Shield-Bearer (level 2, -1/27 HPs)
             Began as a Minotaur Fighter on Sept 23, 2022.
             Slain by a gnoll
             ... wielding a +0 flail
              (7 damage)
             ... on level 1 of the Dungeon.
             The game lasted 00:01:08 (93 turns).

dwhiffing the Shield-Bearer (Minotaur Fighter)        Turns: 93, Time: 00:01:09

Health: -1/27      AC:  7    Str: 20    XL:     2   Next: 37%
Magic:  1/1        EV:  9    Int:  5    God:
Gold:   28         SH:  4    Dex:  9    Spells: 1/1 levels left

rFire   . . .      SeeInvis .    a - +0 war axe
rCold   . . .      Faith    .    c - +0 buckler
rNeg    . . .      Spirit   .    b - +0 scale mail
rPois   .          Reflect  .    (helmet restricted)
rElec   .          Harm     .    (no cloak)
rCorr   .          Rampage  .    (no gloves)
Will    .....                    (no boots)
Stlth   ..........               (no amulet)
HPRegen 0.09/turn                (no ring)
MPRegen 0.07/turn                (no ring)

@: no status effects
A: horns 2, retaliatory headbutt
a: no special abilities


You were on level 1 of the Dungeon.
You visited 1 branch of the dungeon, and saw 1 of its levels.

You collected 28 gold pieces.

Inventory:

Hand Weapons
 a - a +0 war axe (weapon)
Armour
 b - a +0 scale mail (worn)
 c - a +0 buckler (worn)
Potions
 d - a potion of might


   Skills:
 + Level 3.8 Fighting
 + Level 2.7 Axes
 + Level 3.8 Armour
 + Level 0.5 Dodging
 + Level 3.9 Shields


You had one spell level left.
You didn't know any spells.
Your spell library contained the following spells:

 Spells                   Type           Power      Damage    Failure   Level
 Cigotuvi's Dreadful Rot  Necr/Pois/Air  0%         N/A       96%         2
 Poisonous Vapours        Pois/Air       0%         N/A       96%         2


Dungeon Overview and Level Annotations

Branches:
Dungeon (1/15)

Altars:


Innate Abilities, Weirdness & Mutations

You have a pair of horns on your head.
You reflexively headbutt those who attack you in melee.


Message History

The gnoll shouts!
Found 16 gold pieces.
The gnoll shouts!
The gnoll shouts! x2
The kobold shouts!
The gnoll shouts!
You now have 12 gold pieces.
You now have 28 gold pieces (gained 16).
You open the large door. The gnoll barely misses you.
You block the gnoll's attack.
You closely miss the gnoll.
The gnoll hits you from afar with a +0 spear.
The gnoll hits you but does no damage. The gnoll hits you with a +0 club!
The gnoll attacks as you move away! The gnoll barely misses you.
You furiously retaliate!
You headbutt the gnoll, but do no damage.
The gnoll attacks as you move away! The gnoll closely misses you.
The gnoll attacks as you move away! The gnoll completely misses you.
The gnoll attacks as you move away! The gnoll closely misses you.
The gnoll attacks as you move away! You block the gnoll's attack.
The gnoll attacks as you move away! You block the gnoll's attack.
The gnoll attacks as you move away! The gnoll hits you with a +0 whip.
You slash the gnoll!
The gnoll is severely wounded.
The gnoll barely misses you. The gnoll completely misses you.
The gnoll attacks as you move away! The gnoll misses you.
You furiously retaliate!
You headbutt the gnoll.
The giant cockroach waves its antennae.
You block the gnoll's attack. The gnoll attacks as you move away!
The gnoll hits you with a +0 whip.
* * * LOW HITPOINT WARNING * * *
The gnoll attacks as you move away! You block the gnoll's attack.
The gnoll misses you. You furiously retaliate!
You headbutt the gnoll.
You kill the gnoll!
You have reached level 2!
The gnoll hits you with a +0 club.
* * * LOW HITPOINT WARNING * * *
The gnoll attacks as you move away! You block the gnoll's attack.
The gnoll attacks as you move away! The gnoll hits you with a +0 flail!
You die...

..#.#.....#...#...#.......
.##.[#..##.......#.......
#.#..#..#...#..##††..#
.##...#..##...#....## .
#.#..#...g..#....†#####.
#.##).....##.g....8.#.#g
##.#...#ggr.gg........'g
######.#..†#gg#..##........'.
##.#...#..#..@#g.B#.....8.#.#g
###...###.#.....#.#g......#####.
#..#..# #...##...###...##..# .
##..##.##.##....#....#...#..#
#<.#..#.##. .#.......[... ....
######### ############### ####


You could see 5 gnolls and a quokka.

Vanquished Creatures
  A gnoll (D:1)
  3 bats (D:1)
  A quokka (D:1)
  A frilled lizard (D:1)
  A goblin (D:1)
7 creatures vanquished.

Notes
Turn   | Place    | Note
-------+----------+-------------------------------------------
     0 | D:1      | dwhiffing the Minotaur Fighter began the quest for the Orb.
     0 | D:1      | Reached XP level 1. HP: 19/19 MP: 0/0
    50 | D:1      | Found a large runed translucent door.
    50 | D:1      | Found a large runed translucent door.
    92 | D:1      | Reached XP level 2. HP: 8/27 MP: 1/1
    93 | D:1      | Slain by a gnoll

Illustrated notes

Levels and vault maps discovered:
D:1:      erik_arrival_cave_to_civilisation [erik_arrival_cave_to_temple],
          layout_basic

Action                   || total
-------------------------++-------
Melee: War axe           ||    16
       Headbutt          ||     1
Armor: Scale mail        ||    12
Dodge: Dodged            ||    14
Block: Buckler           ||     9

Table legend: (Time is in decaauts)
 A = Elapsed time spent in this place.
 B = Non-inter-level travel time spent in this place.
 C = Inter-level travel time spent in this place.
 D = Time resting spent in this place.
 E = Time spent auto-exploring this place.
 F = Levels seen in this place.
 G = Mean time per level.
                   A        B        C        D        E       F      G
               +--------+--------+--------+--------+--------+-----+--------+
         Total |     99 |     99 |      0 |      0 |     21 |   1 |   99.0 |
       Dungeon |     99 |     99 |      0 |      0 |     21 |   1 |   99.0 |
               +--------+--------+--------+--------+--------+-----+--------+

Top non-repeatable levels by time:
     D:1: 99 daAuts
